 Dungeon Crawl Stone Soup version 0.30-a0-639-g3916f1956a (webtiles) character file.

Game seed: 13068284961056462615

11852 porpoise the Severer (level 11, -1/99 HPs)
             Began as a Hill Orc Monk on Jan 15, 2023.
             Was an Elder of Qazlal.
             Slain by a komodo dragon (10 damage)
             ... on level 1 of the Lair of Beasts.
             The game lasted 00:45:11 (13723 turns).

porpoise the Severer (Hill Orc Monk)               Turns: 13723, Time: 00:45:12

Health: -1/99      AC: 19    Str: 25    XL:     11   Next: 84%
Magic:  20/28      EV:  9    Int: 17    God:    Qazlal [****..]
Gold:   581        SH: 10    Dex: 13    Spells: 4/10 levels left

rFire   . . .      SeeInvis +    w - +6 trident "Fuimaw" {freeze, *Corrode rN++ MP+9 SInv}
rCold   + . .      Faith    .    (no shield)
rNeg    + + +      Spirit   .    R - +1 plate armour "Minungu" {rPois Int+4}
rPois   +          Reflect  +    (no helmet)
rElec   .          Harm     .    n - +2 ratskin cloak {*Rats rPois rN+ Str-1 Int-1 Dex+1}
rCorr   .          Rampage  .    O - +1 pair of gloves of the Cuttlefish {rC+ Str+2}
Will    +....                    M - +2 pair of boots {Fly} Stlth
                                 J - amulet of reflection
HPRegen 0.36/turn                d - ring of willpower
MPRegen 0.21/turn                p - +6 ring of strength

@: corroded, flying, repel missiles
A: clever 1
a: Renounce Religion, Upheaval, Elemental Force


You were on level 1 of the Lair of Beasts.
You worshipped Qazlal.
Qazlal was greatly pleased with you.
You visited 3 branches of the dungeon, and saw 13 of its levels.
You also visited: Ossuary.

You collected 948 gold pieces.
You spent 367 gold pieces at shops.

Inventory:

Hand Weapons
 a - a +4 war axe
 b - a +0 sling
 w - the +6 trident "Fuimaw" (weapon) {freeze, *Corrode rN++ MP+9 SInv}
   (You found it on level 9 of the Dungeon)

   rN:        It greatly protects you from negative energy.
   MP:        It affects your magic capacity (+9).
   SInv:      It lets you see invisible.
   *Corrode:  It may corrode you when you take damage.
Missiles
 l - 7 boomerangs
 N - 7 javelins
 P - 4 poisoned darts
 V - 7 curare-tipped darts
Armour
 n - the +2 ratskin cloak (worn) {*Rats rPois rN+ Str-1 Int-1 Dex+1}
   (You found it on level 2 of the Dungeon)

   *Rats:     When the wearer is hurt, rats may emerge from it to assist them.
   Str:       It affects your strength (-1).
   Int:       It affects your intelligence (-1).
   Dex:       It affects your dexterity (+1).
   rPois:     It protects you from poison.
   rN:        It protects you from negative energy.
 M - a +2 pair of boots of flying (worn)
 O - the +1 pair of gloves of the Cuttlefish (worn) {rC+ Str+2}
   (You acquired it on level 8 of the Dungeon)

   Str:       It affects your strength (+2).
   rC:        It protects you from cold.
 R - the +1 plate armour "Minungu" (worn) {rPois Int+4}
   (You found it on level 9 of the Dungeon)

   Int:       It affects your intelligence (+4).
   rPois:     It protects you from poison.
Jewellery
 d - a ring of willpower (left hand)
 f - a ring of fire
 k - a ring of resist corrosion
 p - a +6 ring of strength (right hand)
 J - an amulet of reflection (around neck)
Scrolls
 i - a scroll of vulnerability
 j - 7 scrolls of teleportation
 q - 2 scrolls of magic mapping
 y - a scroll of blinking
 G - a scroll of silence
 H - 4 scrolls of poison
 I - 5 scrolls of identify
Potions
 c - a potion of ambrosia
 e - 8 potions of curing
 r - 2 potions of attraction
 u - 2 potions of resistance
 v - a potion of cancellation
 B - 5 potions of heal wounds
 C - 2 potions of might
 D - 2 potions of haste


   Skills:
 + Level 10.0 Fighting
 - Level 16.0 Axes
 - Level 7.0 Armour
 + Level 4.9 Dodging
 - Level 1.5 Stealth
 + Level 10.8 Invocations


You had 4 spell levels left.
You knew the following spells:

 Your Spells              Type           Power      Damage    Failure   Level
b - Kindle Blastsparks    Fire/Tloc/Air  0%         2d10      100%        3
v - Vhi's Electric Charg  Tloc/Air       0%         N/A       100%        3

Your spell library contained the following spells:

 Spells                   Type           Power      Damage    Failure   Level
 Shock                    Conj/Air       0%         1d3       96%         1
 Ensorcelled Hibernation  Hex/Ice        0%         N/A       99%         2
 Lesser Beckoning         Tloc           0%         N/A       99%         2
 Static Discharge         Conj/Air       0%         2-2/arc   99%         2
 Frozen Ramparts          Ice            0%         1d1       100%        3
 Gell's Gravitas          Tloc           0%         N/A       100%        3
 Spider Form              Tmut/Pois      0%         N/A       100%        3
 Teleport Other           Tloc           0%         N/A       100%        3
 Anguish                  Hex/Necr       0%         N/A       100%        4
 Ice Form                 Ice/Tmut       0%         N/A       100%        4
 Manifold Assault         Tloc           0%         N/A       100%        4
 Passage of Golubria      Tloc           0%         N/A       100%        4
 Summon Ice Beast         Ice/Summ       0%         N/A       100%        4
 Arcjolt                  Conj/Air       0%         1d10      100%        5
 Lightning Bolt           Conj/Air       0%         1d11      100%        5
 Summon Forest            Summ/Tloc      0%         N/A       100%        5
 Yara's Violent Unravell  Hex/Tmut       0%         3d3       100%        5
 Eringya's Noxious Bog    Tmut/Pois      0%         N/A       100%        6
 Enfeeble                 Hex            0%         N/A       100%        7
 Summon Hydra             Summ           0%         N/A       100%        7


Dungeon Overview and Level Annotations

Branches:
Dungeon (10/15)            Temple (1/1) D:5            Lair (2/5) D:9
    Orc (0/2) D:10        Ossuary (visited)
  Swamp: Lair:2-3    Shoals: Lair:2-3     Snake: Lair:2-3    Spider: Lair:2-3

Altars:
Ashenzari
Cheibriados
Dithmenos
Elyvilon
Fedhas
Gozag
Hepliaklqana
Kikubaaqudgha
Makhleb
Okawaru
Qazlal
Ru
Sif Muna
Trog
Vehumet
Wu Jian
Xom
Yredelemnul
Zin
The Shining One

Shops:
D:7 [*:[

Annotations:
D:10 2 transporters


Innate Abilities, Weirdness & Mutations

Your mind is acute. (Int +4, Str/Dex -1)


Message History

The seven-headed hydra bites you but does no damage.
You barely miss the seven-headed hydra.
The seven-headed hydra is severely wounded.
The yak is engulfed in freezing vapours.
You block the yak's attack. The komodo dragon bites you!
Your corrosive artefact corrodes you!
You puncture the seven-headed hydra! You freeze the seven-headed hydra.
The seven-headed hydra is almost dead.
The seven-headed hydra is no longer moving slowly.
The yak is engulfed in freezing vapours.
The yak gores you but does no damage.
The komodo dragon bites you but does no damage.
You block the seven-headed hydra's attack.
The seven-headed hydra bites you!
The seven-headed hydra bites you but does no damage.
The seven-headed hydra bites you!
* * * LOW HITPOINT WARNING * * *
The seven-headed hydra bites you.
* * * LOW HITPOINT WARNING * * *
The seven-headed hydra completely misses you.
You block the seven-headed hydra's attack.
You hit the seven-headed hydra.
The seven-headed hydra seems to slow down.
You freeze the seven-headed hydra.
The seven-headed hydra is almost dead.
The yak is engulfed in freezing vapours.
You kill the yak!
Qazlal accepts your kill. You block the komodo dragon's attack.
The seven-headed hydra misses you.
The seven-headed hydra bites you but does no damage. x2
The seven-headed hydra bites you!
* * * LOW HITPOINT WARNING * * *
A river rat scurries out from under your cloak.
The seven-headed hydra bites you.
* * * LOW HITPOINT WARNING * * *
You block the seven-headed hydra's attack. x2
You puncture the seven-headed hydra! You freeze the seven-headed hydra.
The seven-headed hydra is almost dead.
The komodo dragon bites you!
You die...

.###....##....###.#..............
##...................#####≈......
....................##≈≈≈~.......
....................##≈≈≈≈#......
#....................#≈≈≈≈#......
###....##.###...##..##≈≈≈≈P.#P..#
#.......#####...###.P.##~##.##..#
........####....°.☼..............
................@§r..............
..............○lD#...>......##...
..........P......○###.########...
#.......#P#####.P.# ### #...
........### ##### #... .........#
#... #.......## ##... ........#
###### #####.... ........#
#.##.###.##.....


You could see a seven-headed hydra (slow, ally target), a komodo dragon and a
friendly river rat.

Vanquished Creatures
  A two-headed ogre (D:10)
  3 komodo dragons (Lair:1)
  2 trolls (D:10)
  A polar bear (shapeshifter) (D:9)
  A hornet (D:9)
  2 wraiths
  2 wyverns
  3 shadows (D:10)
  24 yaks
  2 steam dragons
  5 water moccasins
  2 ice beasts
  2 orc warriors
  2 black bears
  A sky beast (D:7)
  A centaur (D:10)
  A phantom (D:5)
  A kobold brigand (D:10)
  5 bullfrogs
  A gnoll sergeant (D:7)
  3 scorpions (D:5)
  6 wights
  2 howler monkeys (D:7)
  3 electric eels (Lair:1)
  A jelly (D:4)
  4 hounds
  A quasit (D:3)
  5 orc priests
  2 gnoll boudas
  2 iguanas
  6 orc wizards
  8 mummies (Ossuary)
  14 gnolls
  3 adders
  5 shadow imps
  6 white imps
  An ufetubus (D:4)
  3 dart slugs
  40 orcs
  4 endoplasms
  2 giant cockroaches (D:2)
  7 goblins
  2 hobgoblins
  5 jackals
  15 kobolds
  A quokka (D:2)
  10 ball pythons
  5 bats
  A frilled lizard (D:1)
  A gnoll zombie (Ossuary)
  3 hobgoblin zombies (Ossuary)
  3 kobold zombies (Ossuary)
  An orc zombie (Ossuary)
  3 rats
240 creatures vanquished.

Vanquished Creatures (collateral kills)
  A two-headed ogre (D:10)
  5 yaks
  A wight (D:10)
  4 gnolls
  A shadow imp (D:8)
  A kobold (D:2)
  A rat (D:3)
14 creatures vanquished.

Vanquished Creatures (others)
  An orc wizard (D:6)
  2 demonic plants (D:4)
  3 fungi (Lair:1)
  5 plants
11 creatures vanquished.

Grand Total: 265 creatures vanquished

Notes
Turn   | Place    | Note
-------+----------+-------------------------------------------
     0 | D:1      | porpoise the Hill Orc Monk began the quest for the Orb.
     0 | D:1      | Reached XP level 1. HP: 19/19 MP: 1/1
   244 | D:1      | Reached XP level 2. HP: 27/27 MP: 2/2
  1106 | D:2      | Reached skill level 5 in Axes
  1153 | D:2      | Reached XP level 3. HP: 33/33 MP: 3/3
  1198 | D:2      | Found the +2 ratskin cloak {*Rats rPois rN+ Str-1 Int-1
                  | Dex+1}
  1561 | D:2      | Reached XP level 4. HP: 22/41 MP: 4/4
  1565 | D:2      | Gained mutation: Your mind is acute. (Int +4, Str/Dex -1)
                  | [potion of mutation]
  1575 | D:2      | Reached skill level 6 in Axes
  2099 | D:3      | Reached XP level 5. HP: 32/47 MP: 5/5
  2382 | D:3      | Found a snail-covered altar of Cheibriados.
  2481 | D:3      | Found a bloodstained altar of Trog.
  2614 | D:3      | Reached skill level 5 in Fighting
  2846 | D:3      | Reached skill level 7 in Axes
  3245 | D:3      | Reached XP level 6. HP: 21/56 MP: 6/6
  4102 | D:4      | Reached skill level 8 in Axes
  4132 | D:4      | Found an ornate altar of the Wu Jian Council.
  4132 | D:4      | Found a white marble altar of Elyvilon.
  4148 | D:4      | Noticed a water moccasin
  4178 | D:4      | Killed a water moccasin
  4179 | D:4      | Reached XP level 7. HP: 23/63 MP: 7/7
  4445 | D:4      | Found a glowing golden altar of the Shining One.
  4816 | D:5      | Entered Level 5 of the Dungeon
  4833 | D:5      | Reached skill level 9 in Axes
  4933 | D:5      | Found a staircase to the Ecumenical Temple.
  5322 | D:5      | Got Ekir's Spellbook of Weathered Geometry
  5327 | D:5      | Learned a level 3 spell: Kindle Blastsparks
  5331 | D:5      | Learned a level 3 spell: Vhi's Electric Charge
  5878 | D:5      | Reached skill level 10 in Axes
  5881 | D:5      | Upgraded the game from 0.30-a0-634-g8abc85282e to
                  | 0.30-a0-639-g3916f1956a
  5933 | Temple   | Entered the Ecumenical Temple
  5958 | Temple   | Became a worshipper of Qazlal Stormbringer
  5958 | Temple   | Reached * piety under Qazlal
  5958 | Temple   | Reached ** piety under Qazlal
  6066 | D:5      | Reached XP level 8. HP: 73/73 MP: 8/8
  7151 | D:6      | You fall into a shaft and drop 1 floor!
  7183 | D:6      | Found a sand-covered staircase.
  7189 | Ossuary  | Entered an ossuary
  7721 | Ossuary  | Reached skill level 11 in Axes
  8303 | D:6      | Identified the +1 leather armour of Insatiable Hunger
                  | {rElec Will+ Stlth+}
  8352 | D:6      | Reached skill level 12 in Axes
  8514 | D:6      | Reached XP level 9. HP: 53/82 MP: 9/9
  9236 | D:7      | Found Dauw's Book Boutique.
  9459 | D:7      | Found Dunoxed's Armour Boutique.
  9505 | D:7      | Found Defe Nyqung's Assorted Antiques.
  9528 | D:7      | Reached skill level 13 in Axes
  9564 | D:7      | Bought a large copper amulet for 120 gold pieces
  9730 | D:7      | Reached skill level 1 in Invocations
  9732 | D:7      | Reached skill level 1 in Armour
  9892 | D:7      | Found Jutoror's Antique Armour Emporium.
  9910 | D:7      | Bought a pair of runed boots for 247 gold pieces
 10212 | D:8      | Reached *** piety under Qazlal
 10215 | D:8      | Reached skill level 14 in Axes
 10215 | D:8      | Reached skill level 5 in Invocations
 10215 | D:8      | Reached XP level 10. HP: 24/91 MP: 11/13
 10702 | D:8      | Identified a scroll of acquirement
 10703 | D:8      | Acquired the +1 pair of gloves of the Cuttlefish {rC+
                  | Str+2}
 11087 | D:9      | Found a staircase to the Lair.
 11091 | D:9      | Identified the +1 plate armour "Minungu" {rPois Int+4}
 11197 | D:9      | Reached skill level 5 in Armour
 11231 | D:9      | Identified the +6 trident "Fuimaw" {freeze, *Corrode rN++
                  | MP+9 SInv}
 11424 | D:9      | Found a shadowy altar of Dithmenos.
 11589 | D:10     | Entered Level 10 of the Dungeon
 11589 | D:10     | Noticed a two-headed ogre
 11589 | D:10     | Found a staircase to the Orcish Mines.
 11728 | D:10     | Reached skill level 15 in Axes
 11732 | D:10     | Noticed a two-headed ogre
 11738 | D:10     | Noticed a two-headed ogre
 11739 | D:10     | Reached **** piety under Qazlal
 11740 | D:10     | Reached XP level 11. HP: 82/97 MP: 15/17
 11749 | D:10     | Killed a two-headed ogre
 11756 | D:10     | Killed a two-headed ogre
 11768 | D:10     | Reached skill level 16 in Axes
 12088 | D:10     | Found a transporter.
 12097 | D:10     | Noticed a cyclops
 12097 | D:10     | Noticed an orc knight
 12101 | D:10     | Found a transporter.
 12112 | D:10     | Found a broken altar of Ashenzari.
 12112 | D:10     | Found a shimmering blue altar of Sif Muna.
 12112 | D:10     | Found a shimmering altar of Xom.
 12189 | D:10     | Found a sacrificial altar of Ru.
 12473 | Lair:1   | Entered Level 1 of the Lair of Beasts
 12483 | Lair:1   | Reached skill level 10 in Invocations
 13709 | Lair:2   | Reached skill level 10 in Fighting
 13709 | Lair:2   | Noticed a seven-headed hydra
 13723 | Lair:1   | Slain by a komodo dragon

Illustrated notes

Levels and vault maps discovered:
D:1:      evilmike_arrival_plus, layout_basic
D:2:      layout_basic
D:3:      layout_basic, kennysheep_slug_shrine, bloody_trog
D:4:      layout_basic, nicolae_tso_carved_into_rock, jmf_multi_god_temple,
          serial_demonic, serial_demonic_c, serial_demonic_a, serial_demonic_b,
          serial_demonic_e, serial_demonic_f, serial_demonic_c
D:5:      layout_layer_cave, minmay_temple_entry_statues,
          kennysheep_generic_room_16
D:6:      layout_basic, enter_ossuary_2
D:7:      layout_gridville, serial_shops, kennysheep_mini,
          nicolae_shop_waterfront, shop, nicolae_shop_overgrown_old_shop
D:8:      layout_loops_ring
D:9:      layout_cross, nicolae_dithmenos_shadow_blocks, lair_entry_dummy
D:10:     layout_rooms, nicolae_ru_sacrificial_ziggurat,
          gammafunk_temple_overflow_arena, david_orc_2,
          kennysheep_generic_room_5
Temple:   nicolae_temple_bog_church
Lair:1:   layout_gridlike, dreamdust_gnoll_shepherd
Lair:2:   layout_misc_corridors, nicolae_snake_entry_squirm,
          nicolae_quartered_pool_impasse, st_stairs_10, patterned_corridor,
          grunt_megastairs_2, lemuel_fruit_fields

Skill      XL: |  1  2  3  4  5  6  7  8  9 10 11 |
---------------+----------------------------------+-----
Fighting       | 4 5 6 7 8 9 10 | 10.0
Axes           | 5 6 7 8 10 12 14 15 16 | 16.0
Invocations    | 5 8 10 | 10.8
Armour         | 4 7 |  7.0
Dodging        | 4 |  4.9
Stealth        | |  1.5

Action                   |  1- 3 |  4- 6 |  7- 9 | 10-12 || total
-------------------------+-------+-------+-------+-------++-------
Melee: Hand axe          |    86 |   271 |   123 |       ||   480
       Punch             |     1 |       |     2 |     7 ||    10
       Unarmed           |       |    12 |       |       ||    12
       War axe           |       |       |   196 |   198 ||   394
       Spear             |       |       |     3 |       ||     3
       Trident           |       |       |       |     7 ||     7
 Fire: Sling             |    17 |     3 |    59 |     6 ||    85
Invok: Upheaval          |       |       |     1 |       ||     1
  Use: Potion            |       |     5 |       |       ||     5
       Scroll            |       |     3 |    13 |     6 ||    22
 Stab: Sleeping          |     1 |       |       |       ||     1
Armor: Robe              |     1 |       |       |       ||     1
       Ring mail         |    29 |   148 |   138 |     6 ||   321
       Skin              |       |     6 |       |       ||     6
       Plate armour      |       |       |       |    89 ||    89
Dodge: Dodged            |    48 |   154 |   140 |    70 ||   412
Block: Other             |       |       |    34 |    87 ||   121
       Reflection        |       |       |       |     2 ||     2

Table legend: (Time is in decaauts)
 A = Elapsed time spent in this place.
 B = Non-inter-level travel time spent in this place.
 C = Inter-level travel time spent in this place.
 D = Time resting spent in this place.
 E = Time spent auto-exploring this place.
 F = Levels seen in this place.
 G = Mean time per level.
                   A        B        C        D        E       F      G
               +--------+--------+--------+--------+--------+-----+--------+
         Total |  13625 |  12925 |    700 |   3569 |   6914 |  14 |  973.2 |
       Dungeon |  11323 |  10699 |    624 |   2544 |   6207 |  10 | 1132.3 |
        Temple |     39 |     26 |     13 |      0 |      9 |   1 |   39.0 |
          Lair |   1232 |   1169 |     63 |    310 |    657 |   2 |  616.0 |
       Ossuary |   1030 |   1030 |      0 |    715 |     41 |   1 | 1030.0 |
               +--------+--------+--------+--------+--------+-----+--------+

Top non-repeatable levels by time:
     D:5: 2048 daAuts
     D:4: 1417 daAuts
     D:3: 1396 daAuts
  Lair:1: 1224 daAuts
     D:2: 1215 daAuts
     D:6: 1159 daAuts
 Ossuary: 1030 daAuts
     D:8: 1011 daAuts
     D:1: 864 daAuts
     D:7: 847 daAuts
    D:10: 837 daAuts
     D:9: 525 daAuts
  Temple: 39 daAuts
  Lair:2: 8 daAuts
